AoeStats
← Espectro

Arena

509286549Analyzed
2v2 RM · 6d ago on Sep 26, 2026· 34m 58s· 4 players
Game mode
Random Map
Map size
Medium (4 player)
Population
200
Speed
Normal
Resources
Standard
Victory
Conquest
Starting age
Dark Age
Ending age
Imperial Age
RankedLock teamsTeams togetherTeam positionsShared explorationLock speedFull tech treeHidden civsTurbo modeCheats
Victory
Defeat
🇲🇾 Koreans · Malaysia
1024
+12
🇬🇧 Vikings · United Kingdom
962
+15
🇨🇦 Portuguese · Canada
1062
-18
🇲🇽 Spanish · Mexico
808
-9
Greenland Viking
6:56 Loom
7:20 Loom
10:42 Feudal Age
17:02 Castle Age
16:02 Fletching
20:22 Elite Skirmisher
22:17 Double-Bit Axe
23:34 Horse Collar
25:37 Scale Mail Armor
28:45 Chain Mail Armor
29:39 Forging
说中文
0:59 Loom
11:39 Feudal Age
16:21 Castle Age
15:45 Horse Collar
16:00 Fletching
16:02 Gold Mining
17:06 Town Watch
21:00 Bodkin Arrow
26:23 Double-Bit Axe
26:43 Heavy Plow
36:44 Imperial Age
Espectro
2:21 Loom
10:36 Feudal Age
11:56 Wheelbarrow
11:09 Double-Bit Axe
15:58 Town Watch
19:53 Castle Age
26:28 Fletching
26:41 Scale Mail Armor
27:20 Hand Cart
Kirito Wizard
5:45 Loom
12:02 Feudal Age
16:22 Castle Age
15:57 Double-Bit Axe
15:55 Horse Collar
16:34 Gold Mining
16:40 Stone Mining
32:20 Imperial Age
30:28 Circumnavigation
Connection lost

Rejoining the realm…

Still unreachable

The connection could not be restored.

Session expired

The server has moved on; the page needs a fresh start.